 Dungeon Crawl Stone Soup version 0.28-a0-687-gb91baff9cc (webtiles) character file.

Game seed: 2248226459109737993

189 mordus the Cudgeller (level 6, -1/47 HPs)
             Began as a Formicid Fighter on Oct 19, 2021.
             Slain by a wight (7 damage)
             ... on level 3 of the Dungeon.
             The game lasted 00:05:59 (2736 turns).

mordus the Cudgeller (Formicid Fighter)             Turns: 2736, Time: 00:06:00

Health: -1/47      AC:  7    Str: 23    XL:     6   Next: 0%
Magic:  6/6        EV: 10    Int:  7    God:
Gold:   124        SH:  0    Dex: 10    Spells: 5/5 levels left

rFire   . . .      SeeInvis +   a - +0 flail
rCold   . . .      Faith    .   c - +0 buckler
rNeg    . . .      Spirit   .   b - +0 scale mail
rPois   .          Reflect  .   (helmet unavailable)
rElec   .          Harm     .   (no cloak)
rCorr   .          Rampage  .   (no gloves)
Will    .....                   (no boots)
Stlth   ..........              (no amulet)
HPRegen 0.15/turn               (no ring)
MPRegen 0.10/turn               (no ring)

@: confused
A: permanent stasis, dig shafts and tunnels, antennae 3, four strong arms
a: Dig, Shaft Self


You were on level 3 of the Dungeon.
You visited 1 branch of the dungeon, and saw 3 of its levels.

You collected 124 gold pieces.

Inventory:

Hand Weapons
 a - a +0 flail (weapon)
Armour
 b - a +0 scale mail (worn)
 c - a +0 buckler (worn)
Jewellery
 i - an amulet of reflection
Scrolls
 e - 3 scrolls of identify
 g - a scroll of teleportation {unknown}
Potions
 d - a potion of might
 f - 2 potions of curing
 h - a potion of ambrosia


   Skills:
 - Level 3.2 Fighting
 * Level 4.6 Maces & Flails
 + Level 4.2 Armour
 + Level 0.4 Dodging
 + Level 4.2 Shields


You had 5 spell levels left.
You didn't know any spells.
Your spell library was empty.

Dungeon Overview and Level Annotations

Branches:
Dungeon (3/15)

Altars:
Okawaru

Shops:
D:2 [[[

Annotations:
D:3 Grinder


Innate Abilities, Weirdness & Mutations

You cannot be hasted, slowed, berserked, paralysed or teleported.
You can dig through walls and to a lower floor.
You have a pair of large antennae on your head. (SInv)
Your four strong arms can wield two-handed weapons with a shield.


Message History

You resist with some effort.
The orc wizard hits you with a +0 dagger.
You hit the orc wizard but do no damage.
The orc wizard is moderately wounded.
The orc wizard points at you and mumbles some strange words.
The puff of flame hits you.
You are too injured to fight recklessly!
You are too injured to fight recklessly!
You are too injured to fight recklessly!
You are too injured to fight recklessly!
You are too injured to fight recklessly!
You are too injured to fight recklessly!
You hit the orc wizard.
The orc wizard is heavily wounded.
The orc wizard hits you with a +0 dagger.
You closely miss the orc wizard.
The orc wizard is heavily wounded.
The orc wizard completely misses you.
You barely miss the orc wizard.
The orc wizard is heavily wounded.
The orc wizard hits you but does no damage.
You hit the orc wizard.
The orc wizard is almost dead.
The orc wizard hits you with a +0 dagger.
The orc wizard points at you and mumbles some strange words.
You are confused.
You bump into the rock wall.
The orc wizard gestures at you while chanting.
You are more confused.
You bump into the rock wall.
The wight barely misses you.
The orc wizard hits you but does no damage.
You hit the orc wizard.
The orc wizard is almost dead.
The wight hits you from afar with a +3 trident!
* * * LOW HITPOINT WARNING * * *
The orc wizard hits you but does no damage.
You thump the orc wizard!
You kill the orc wizard!
The wight hits you from afar with a +3 trident!
You die...

#.#####..## .........#
.........# #####
.##{###### ##...## .##{#
##.....#### ###{#
####.......... {.{.#
...........# ....#
#........## #####
#.@....... #
###.)...#.#. #
##.#z###.# . #
##{#.z....# .. #
#{########... #
##.###{#######.#
#######.......##.....#..
......#..####.##........
.........#....))w....#


You could see 2 wights.

Vanquished Creatures
  A wight (D:3)
  An orc priest (D:3)
  2 orc wizards (D:3)
  2 adders (D:2)
  A worm (D:2)
  A dart slug (D:2)
  10 orcs
  2 bats (D:1)
  4 endoplasms
  2 giant cockroaches
  2 goblins (D:2)
  10 hobgoblins
  3 jackals (D:2)
  2 quokkas (D:3)
  8 ball pythons
  6 kobolds
  5 rats
62 creatures vanquished.

Notes
Turn   | Place    | Note
-------+----------+-------------------------------------------
     0 | D:1      | mordus the Formicid Fighter began the quest for the Orb.
     0 | D:1      | Reached XP level 1. HP: 18/18 MP: 1/1
   257 | D:1      | Reached XP level 2. HP: 22/24 MP: 2/2
   791 | D:1      | Found a faded altar of an unknown god.
   868 | D:1      | Reached XP level 3. HP: 14/29 MP: 3/3
  1242 | D:2      | Found Marib's Armour Shoppe.
  1318 | D:2      | Found Seovvud's Antique Armour Shoppe.
  1353 | D:2      | Found an iron altar of Okawaru.
  1376 | D:2      | Reached XP level 4. HP: 23/35 MP: 4/4
  1532 | D:2      | Found Plog's Armour Shop.
  2060 | D:3      | Reached XP level 5. HP: 41/41 MP: 5/5
  2511 | D:3      | Noticed Grinder
  2723 | D:3      | Reached XP level 6. HP: 25/47 MP: 6/6
  2736 | D:3      | Slain by a wight

Illustrated notes

Levels and vault maps discovered:
D:1:      dpeg_arrival_shrine, layout_rooms,
          shapermc_ecumenical_altar_hornbeckon
D:2:      layout_rooms, serial_shops, nicolae_shop_stone, shop,
          nicolae_diamond_shop, basic_altar
D:3:      layout_loops_cross, serial_bayou_crossing, uniq_grinder

Skill      XL: |  1  2  3  4  5 |
---------------+----------------+-----
Shields        | 4 |  4.2
Maces & Flails | 3 4 |  4.6
Armour         | 4 |  4.2
Fighting       | |  3.2
Dodging        | |  0.4

Action                   |  1- 3 |  4- 6 || total
-------------------------+-------+-------++-------
Melee: Flail             |   103 |   140 ||   243
 Abil: Dig               |     1 |     2 ||     3
  Use: Potion            |     1 |       ||     1
       Scroll            |       |     1 ||     1
Armor: Scale mail        |    56 |    50 ||   106
Dodge: Dodged            |    66 |    58 ||   124
Block: Buckler           |    25 |    30 ||    55

Table legend: (Time is in decaauts)
 A = Elapsed time spent in this place.
 B = Non-inter-level travel time spent in this place.
 C = Inter-level travel time spent in this place.
 D = Time resting spent in this place.
 E = Time spent auto-exploring this place.
 F = Levels seen in this place.
 G = Mean time per level.
                   A        B        C        D        E       F      G
               +--------+--------+--------+--------+--------+-----+--------+
         Total |   2802 |   2761 |     41 |    595 |   1549 |   3 |  934.0 |
       Dungeon |   2802 |   2761 |     41 |    595 |   1549 |   3 |  934.0 |
               +--------+--------+--------+--------+--------+-----+--------+

Top non-repeatable levels by time:
     D:1: 1255 daAuts
     D:2: 828 daAuts
     D:3: 718 daAuts
